 Dungeon Crawl Stone Soup version 0.31-a0-631-g285b096dc4 (webtiles) character file.

Game seed: 13489133737526994484

72 Gazerockf the Chopper (level 4, -4/39 (41) HPs)
             Began as a Minotaur Berserker on Aug 25, 2023.
             Was a Believer of Trog.
             Slain by a gnoll
             ... wielding a +0 spear
              (6 damage)
             ... on level 2 of the Dungeon.
             The game lasted 00:02:03 (754 turns).

Gazerockf the Chopper (Minotaur Berserker)           Turns: 754, Time: 00:02:04

HP:   -4/39 (41)    AC:  2    Str: 21    XL:     4   Next: 7%
MP:   3/3           EV: 12    Int:  4    God:    Trog [**....]
Gold: 22            SH:  0    Dex: 12    Spells: 3/3 levels left

rFire   . . .        a - +0 hand axe
rCold   . . .        (no shield)
rNeg    . . .        b - +0 animal skin
rPois   .            (helmet restricted)
rElec   .            (no cloak)
rCorr   .            (no gloves)
SInv    .            (no boots)
Will    .....        c - amulet of the acrobat
Stlth   +            (no ring)
HPRegen 0.26/turn    (no ring)
MPRegen 0.08/turn

%: acrobat
@: lightly drained
A: horns 2, retaliatory headbutt
a: Renounce Religion, Berserk, Trog's Hand


You were on level 2 of the Dungeon.
You worshipped Trog.
Trog was pleased with you.
You visited 1 branch of the dungeon, and saw 2 of its levels.

You collected 22 gold pieces.

Inventory:

Hand Weapons
 a - a +0 hand axe (weapon)
Armour
 b - a +0 animal skin (worn)
Jewellery
 c - an amulet of the acrobat (around neck)
Scrolls
 d - a scroll of butterflies {unknown}
 f - a scroll of enchant armour {unknown}
 g - a scroll of identify {unknown}
 h - a scroll of vulnerability {unknown}
 i - a scroll of teleportation {unknown}
Potions
 e - a potion of curing {unknown}
 j - a potion of ambrosia {unknown}


   Skills:
 + Level 4.3 Fighting
 + Level 4.3 Axes
 + Level 3.3 Armour
 + Level 3.0 Dodging


You had 3 spell levels left.
You didn't know any spells.
Your spell library was empty.

Dungeon Overview and Level Annotations

Branches:
Dungeon (2/15)

Altars:


Innate Abilities, Weirdness & Mutations

You have a pair of horns on your head.
You reflexively headbutt those who attack you in melee.


Message History

You barely miss the gnoll. The gnoll barely misses you.
Your Dodging skill increases to level 3!
You closely miss the gnoll. You headbutt the gnoll.
The gnoll is heavily wounded.
The gnoll hits you with a +0 flail of draining.
You feel drained.
You hit the gnoll.
The gnoll is almost dead.
The gnoll hits you from afar with a +0 spear.
The gnoll hits you with a +0 flail of draining.
You feel drained.
* * * LOW HITPOINT WARNING * * *
You are too injured to fight recklessly!
You are too injured to fight recklessly!
You are too injured to fight recklessly!
You are too injured to fight recklessly!
You barely miss the gnoll.
The gnoll is almost dead.
The gnoll closely misses you. The gnoll barely misses you.
You hit the gnoll but do no damage.
The gnoll is almost dead.
The gnoll misses you. The gnoll closely misses you.
You hit the gnoll.
You kill the gnoll!
Trog accepts your kill. The gnoll barely misses you.
You have reached level 4!
You feel agile. The gnoll hits you with a +0 spear.
* * * LOW HITPOINT WARNING * * *
Things that are here:
a +0 halberd; 3 gold pieces You barely miss the gnoll.
You headbutt the gnoll.
The gnoll is lightly wounded.
The gnoll hits you with a +0 spear!
* * * LOW HITPOINT WARNING * * *
You hit the gnoll.
The gnoll is moderately wounded.
The gnoll hits you with a +0 spear.
You die...

.........###:..
.............. .
#............# ..
#......#####.## ...
#.....##....... ....
##......## #..†
.....####....$...####.#†
.................##.....
......g@......†..#[.#.##
##.....)....##.....##.#
.#.....)....#.†..####.#
........†.....##... ...
......#......######.#.#
.#...###....## #.#
#......$.... #..
#.........### ##.
#......####


You could see a gnoll.

Vanquished Creatures
  3 gnolls (D:2)
  A dart slug (D:1)
  3 ball pythons
  2 endoplasms (D:1)
  2 giant cockroaches (D:1)
  2 goblins (D:1)
  7 hobgoblins
  3 jackals (D:2)
  6 kobolds (D:1)
  2 quokkas
  3 bats (D:1)
  A frilled lizard (D:1)
  2 rats (D:1)
37 creatures vanquished.

Notes
Turn   | Place    | Note
-------+----------+-------------------------------------------
     0 | D:1      | Gazerockf the Minotaur Berserker began the quest for the
                  | Orb.
     0 | D:1      | Reached XP level 1. HP: 19/19 MP: 0/0
    57 | D:1      | Reached XP level 2. HP: 27/27 MP: 1/1
   560 | D:1      | Reached XP level 3. HP: 33/33 MP: 2/2
   664 | D:2      | Reached ** piety under Trog
   752 | D:2      | Reached XP level 4. HP: 11/39 MP: 3/3
   753 | D:2      | HP: 1/39 [gnoll/+0 spear (7)]
   754 | D:2      | Slain by a gnoll

Illustrated notes

Levels and vault maps discovered:
D:1:      dpeg_arrival_tiny_a, layout_loops_cross, serial_bayou_pond_b
D:2:      layout_rooms, kennysheep_decorative_pillar, uniq_terence

Skill      XL: |  1  2  3 |
---------------+----------+-----
Axes           | 4 |  4.3
Fighting       | 4 |  4.3
Armour         | 3 |  3.3
Dodging        | 3 |  3.0

Action                     |  1- 3 |  4- 6 || total
---------------------------+-------+-------++-------
  Melee: Hand axe          |    69 |     2 ||    71
         Headbutt          |     9 |     1 ||    10
   Stab: Sleeping          |     1 |       ||     1
 Armour: Animal skin       |    11 |       ||    11
  Dodge: Dodged            |    58 |       ||    58

Table legend: (Time is in decaauts)
 A = Elapsed time spent in this place.
 B = Non-inter-level travel time spent in this place.
 C = Inter-level travel time spent in this place.
 D = Time resting spent in this place.
 E = Time spent auto-exploring this place.
 F = Levels seen in this place.
 G = Mean time per level.
                   A        B        C        D        E       F      G
               +--------+--------+--------+--------+--------+-----+--------+
         Total |    761 |    736 |     25 |      0 |    552 |   2 |  380.5 |
       Dungeon |    761 |    736 |     25 |      0 |    552 |   2 |  380.5 |
               +--------+--------+--------+--------+--------+-----+--------+

Top non-repeatable levels by time:
     D:1: 640 daAuts
     D:2: 120 daAuts
